cohdb
Replays
Latest Replays
All Replays
Popular Replays
Top Player Replays
Match Explorer
How It Works
Community
CoH3 Stats
Reddit
Sign in to upload your games and track your stats! →
Sign in with Steam
Match 46867649
Unlisted
Match 46867649
Overview
Messages
Build Orders
End
Construct Barracks
Selects Advanced Infantry Battlegroup
Selects Advanced Infantry Battlegroup
1⁄4-ton 4x4 Truck
Riflemen Squad
M1 Mortar Team
Mechanized Support Center
Construct Motor Pool
Designate Forward Repair Station
Selects Convert to Ranger Squad
M8 Greyhound Armored Car
M1 Anti-tank Gun Team
Selects Frontline Medical Station
Frontline Medical Station
Engineer Squad
Convert to Ranger Squad
Ranger Squad
Construct Tank Depot
Selects Artillery Observers
Selects M2A1 105mm Howitzer Emplacement
M4A1 Sherman Medium Tank
Engineer Squad
M4A1 Sherman Medium Tank
M4A1 76mm Conversion
.30 cal Machine Gun
Improvised Armor
Salvage Crew
Selects Infantry Assault
Rapid Repairs
Borguez
Jaco
Exf
Gravey
Pioneer Combine
聽取蛙聲一片
WARlordS
UtataNation 🛌🌟🐉
0
0
Comments
sign in to comment!
No comments posted yet!